 Dungeon Crawl Stone Soup version 0.21-a0-529-g8c7b3f5 (webtiles) character file.

60 tof the Skirmisher (level 4, -14/29 HPs)
             Began as a Gargoyle Monk on Dec 9, 2017.
             Splashed by Ijyb's acid (17 damage)
             ... on level 3 of the Dungeon.
             The game lasted 00:03:06 (1947 turns).

tof the Skirmisher (Gargoyle Monk)                  Turns: 1947, Time: 00:03:07

Health: -14/29     AC:  2    Str: 14    XL:     4   Next: 6%
Magic:  4/4        EV: 12    Int: 11    God:
Gold:   63         SH:  0    Dex: 13    Spells: 3/3 levels left

rFire    . . .     SeeInvis .   a - +0 falchion
rCold    . . .     Gourm    .   (no shield)
rNeg     + . .     Faith    .   m - +0 leather armour
rPois    ∞         Spirit   .   (no helmet)
rElec    +         Reflect  .   (no cloak)
rCorr    .         Harm     .   (no gloves)
MR       .....                  (no boots)
Stlth    ++........             (no amulet)
HPRegen  0.09/turn              k - ring of wizardry
MPRegen  0.09/turn              (no ring)

@: corroded
A: negative energy resistance 1, electricity resistance, unbreathing,
petrification resistance, rot immunity, AC +3
a: no special abilities


You were on level 3 of the Dungeon.
You were not hungry.

You visited 1 branch of the dungeon, and saw 3 of its levels.

You collected 63 gold pieces.

Inventory:

Hand Weapons
 a - a +0 falchion (weapon)
Armour
 m - a +0 leather armour (worn)
Jewellery
 k - a ring of wizardry (left hand)
Scrolls
 e - 4 scrolls of identify {unknown}
 h - 2 scrolls of teleportation {unknown}
 i - a scroll of immolation {unknown}
 l - a scroll of remove curse {unknown}
Potions
 d - a potion of curing {unknown}
 g - a potion of cancellation {unknown}
Comestibles
 b - 4 chunks of flesh
 c - a bread ration
 f - a meat ration


   Skills:
 + Level 3.7 Fighting
 * Level 3.2 Long Blades
 + Level 0.4 Throwing
 + Level 0.7 Armour
 - Level 2.7 Dodging
 + Level 2.9 Stealth


You had 3 spell levels left.
You didn't know any spells.

Dungeon Overview and Level Annotations

Branches:
Dungeon (3/15)

Altars:
Ashenzari
Hepliaklqana
Sif Muna
Xom
Yredelemnul

Annotations:
D:3 Ijyb


Innate Abilities, Weirdness & Mutations

You are resistant to torment.
Your stone body is resilient. (AC +3)
You are immune to poison.
You resist negative energy. (rN+)
You are resistant to electric shocks. (rElec)
You can survive without breathing.
You are immune to petrification.
You are immune to rotting.


Message History

You hit Ijyb but do no damage.
Ijyb is moderately wounded.
Ijyb zaps a wand.
The bolt of acid hits you!
You are splashed with acid!
The acid burns!
* * * LOW HITPOINT WARNING * * *
It is a wand of acid (2).
You hit Ijyb.
Ijyb is heavily wounded.
Ijyb barely misses you.
You riposte.
You barely miss Ijyb.
Ijyb is heavily wounded.
You hit Ijyb but do no damage.
Ijyb is heavily wounded.
Ijyb misses you.
You closely miss Ijyb.
Ijyb is heavily wounded.
Ijyb zaps a wand.
The bolt of acid hits you!
* * * LOW HITPOINT WARNING * * *
The acid corrodes you!
You are splashed with acid!
The acid burns!
Ouch! That really hurt!
You die...

#.#####...#
###.#<......#
...#....##.#
#$#.####
...###...###
#.........####
#.####.##......
..##.####%##..####
.......g@........
####.#........#.#
#.##..#....# #.
##.###### #. ...
.. #.## .. .. ...
#.# ..


You could see Ijyb.

Vanquished Creatures
  An adder (D:2)
  2 dart slugs (D:1)
  An orc (D:3)
  2 giant cockroaches
  2 goblins (D:1)
  5 hobgoblins
  7 jackals (D:1)
  4 kobolds
  9 bats
  2 frilled lizards
  7 rats
42 creatures vanquished.

Notes
Turn   | Place    | Note
-------+----------+-------------------------------------------
     0 | D:1      | tof the Gargoyle Monk began the quest for the Orb.
     0 | D:1      | Reached XP level 1. HP: 14/14 MP: 1/1
   113 | D:1      | Reached XP level 2. HP: 15/19 MP: 2/2
   642 | D:1      | Reached XP level 3. HP: 23/23 MP: 3/3
   731 | D:1      | Found a shimmering altar of Xom.
   733 | D:1      | Found a basalt altar of Yredelemnul.
   733 | D:1      | Found a bloodstained altar of Trog.
   737 | D:1      | Found a hazy altar of Hepliaklqana.
   737 | D:1      | Found a deep blue altar of Sif Muna.
   737 | D:1      | Found a shattered altar of Ashenzari.
  1710 | D:2      | Reached XP level 4. HP: 29/29 MP: 4/4
  1939 | D:3      | Noticed Ijyb
  1947 | D:3      | Splashed by Ijyb's acid

Vault maps used:
D:1:      eino_arrival_cavern_c, doesnt_xom_only_xom
D:2:      hex_large
D:3:      uniq_ijyb

Skill      XL: |  1  2 |
---------------+-------+-----
Long Blades    | 3 |  3.2
Fighting       | |  3.7
Throwing       | |  0.4
Armour         | |  0.7
Dodging        | |  2.7
Stealth        | |  2.9

Action                   |  1- 3 |  4- 6 || total
-------------------------+-------+-------++-------
Melee: Falchion          |    92 |     6 ||    98
 Stab: Sleeping          |    13 |       ||    13
  Eat: Chunk             |     3 |       ||     3
Armor: Robe              |    36 |       ||    36
       Leather armour    |       |     4 ||     4
Dodge: Dodged            |    83 |     6 ||    89
       Rpst.: Falchion   |    28 |     3 ||    31

Table legend:
 A = Spawn XP
 B = Non-spawn XP
 C = Spawn XP percentage of total XP
 D = Spawn monster count
 E = Non-spawn monster count
 F = Spawn count percentage of total count
 G = Total turns spent on level
                    A         B        C        D         E        F      G
               +---------+---------+-------+---------+---------+-------+---------
         Total |       0 |      87 |   0.0 |       0 |      42 |   0.0 |  1947
               +---------+---------+-------+---------+---------+-------+---------
           D:1 |       0 |      42 |   0.0 |       0 |      22 |   0.0 |  1255
           D:2 |       0 |      40 |   0.0 |       0 |      18 |   0.0 |   669
           D:3 |       0 |       5 |   0.0 |       0 |       2 |   0.0 |    23
               +---------+---------+-------+---------+---------+-------+---------
